[Event "Early-Titled-Tuesday-Blitz-February-06-2024"]
[Site "Chess.com"]
[Date "2024.02.06"]
[Round "1"]
[White "chess_blitz00"]
[Black "js20000"]
[Result "1-0"]
[WhiteElo "2484"]
[BlackElo "2836"]
[TimeControl "180+1"]
[EndTime "8:07:48 PST"]
[Termination "chess_blitz00 won by resignation"]

1. e4 c6 2. d4 d5 3. Nc3 dxe4 4.
Nxe4 Nd7 5. Bd3 Ngf6 6. Nxf6+ Nxf6 7. c3 Bg4 8. Qb3 Qb6 9. Be3 e6 10. h3 Bh5 11. Ne2 Bg6 12. Nf4 Bd6 13. Nxg6 hxg6 14. O-O-O Nd5 15. Kb1 O-O 16. Qxb6 axb6 17. h4 Bf4 18.
Bxf4 Nxf4 19. Be4 b5 20. g3 Nh5 21. a3 Nf6 22. Bf3 Rfd8 23. g4 Kf8 24. g5 Nd5 25.
Bxd5 Rxd5 26. f4 Rad8 27. Kc2 b6 28. h5 gxh5 29. Rxh5 Ke7 30. Rh7 g6 31. Rhh1 R8d7 32. Rhe1 Rd8 33. Re5 Rh8 34. Rxd5 cxd5 35. Rd2 Rh3 36.
Rf2 Kd6 37. Kb3 Kc6 38. Kb4 Rh4 39. b3 Rg4 40. Rf1 Rg2 41. Rf3 Rc2 42. Rf1 Kb7 43. Rf3 Ka6 44. Rf1 Kb7 45. Rf3 Kc6 46. Rf1 Rb2 47. Rf3 Kd7 48. Rf1 Ke7 49. Rf3 f6 50.
gxf6+ Kxf6 51. a4 bxa4 52. Kxa4 Kf5 53. b4 Ke4 54. Rg3 Kf5 55. Kb5 Rf2 56. Kxb6 Rxf4 57.
b5 g5 58. Kc7 g4 59. b6 Kg5 60. b7 Rf7+ 61. Kb6 Rf8 62. Ka7 Rf7 63. Ka8 Kh4 64. Rxg4+ Kxg4 65. b8=Q Rf3 66. Qe5 Rxc3 67. Qxe6+ Kf4 68.
Qxd5 Re3 69. Qd6+ Kf5 70. Kb7 Rd3 71. d5 Re3 72. Kc7 Re1 73. Qd7+ Kf6 74. d6 Re2 75. Kd8 Re1 76. Qe7+ 1-0

[Event "Early-Titled-Tuesday-Blitz-February-06-2024"]
[Site "Chess.com"]
[Date "2024.02.06"]
[Round "1"]
[White "vladoboch"]
[Black "Susal_De_Silva"]
[Result "1-0"]
[WhiteElo "2450"]
[BlackElo "2766"]
[TimeControl "180+1"]
[EndTime "8:07:48 PST"]
[Termination "vladoboch won by checkmate"]

1. e4 e5 2. Nf3 Nc6 3. Bc4 Nf6 4. d3 h6 5. c3 d6 6. O-O g5 7. Nbd2 Bg7 8. a4 a5 9. Bb3 g4 10. Ne1 h5 11. f3 Be6 12. Nc4 d5 13. Ne3 d4 14.
Bxe6 fxe6 15. Nc4 Qe7 16. cxd4 Nxd4 17. Be3 O-O-O 18. Nxe5 Bh6 19. Bxh6 Rxh6 20. Rc1 Rg8 21. Qd2 Qg7 22. Qxa5 Kb8 23. Rc4 Ne2+ 24. Kh1 h4 25. fxg4 Ng3+ 26. Kg1 Nxf1 27. Rb4 Nxg4 28. Nc6+ Kc8 29.
Qa8+ Kd7 30. Qxb7 Nge3 31. Rd4+ Nd5 32. exd5 e5 33. Re4 Rg6 34. Nxe5+ Ke7 35. Qxc7+ Kf6 36.
Qd6+ Kf5 37. Nxg6 Qxg6 38. Qf4# 1-0

[Event "Early-Titled-Tuesday-Blitz-February-06-2024"]
[Site "Chess.com"]
[Date "2024.02.06"]
[Round "1"]
[White "twofoxniel"]
[Black "Kaissa10"]
[Result "1-0"]
[WhiteElo "2612"]
[BlackElo "2274"]
[TimeControl "180+1"]
[EndTime "8:07:48 PST"]
[Termination "twofoxniel won by resignation"]

1. e4 c5 2. c3 Nf6 3. e5 Nd5 4. d4 cxd4 5. cxd4 Nc6 6. Nf3 d6 7. Bc4 Nb6 8. Bb5 dxe5 9. Nxe5 Bd7 10. Bxc6 Bxc6 11. Nxc6 bxc6 12. O-O e6 13. Qg4 h5 14. Qf3 Qd5 15. Qd3 Bc5 16. Rd1 Rd8 17. Be3 O-O 18. Nc3 Qd7 19. Qe2 Be7 20. Qxh5 Nd5 21. Ne4 Nf6 22. Qf3 Nxe4 23. Qxe4 Qd5 24. Qc2 Rc8 25.
b3 Rfd8 26. Qc4 Qe4 27. Rac1 Ba3 28. Rc3 c5 29. Qd3 Qxd3 30. Rcxd3 cxd4 31. Bxd4 Rc2 32. Kf1 Rxa2 33. Bxa7 Rc8 34. Rd8+ Rxd8 35. Rxd8+ Kh7 36. Rd7 Kg6 37. h4 f6 38. Be3 Bb2 39. b4 Be5 40. b5 Rb2 41. b6 Bc3 42. b7 f5 43. f4 Ba5 44. Ba7 Rb1+ 45. Ke2 Rb2+ 46. Kf3 Rb3+ 47. Kf2 Rb2+ 48. Kg3 Rb3+ 49. Kh2 Bb6 50. b8=Q 1-0

[Event "Early-Titled-Tuesday-Blitz-February-06-2024"]
[Site "Chess.com"]
[Date "2024.02.06"]
[Round "1"]
[White "Casper"]
[Black "ViIIagra"]
[Result "1-0"]
[WhiteElo "2523"]
[BlackElo "2953"]
[TimeControl "180+1"]
[EndTime "8:07:49 PST"]
[Termination "Casper won by resignation"]

1. Nf3 b6 2. e4 Bb7 3. Nc3 e6 4. d4 Bb4 5. Bd3 Nf6 6. Qe2 d5 7. exd5 Qxd5 8. O-O Qh5 9. Ne4 Nbd7 10. c3 Bd6 11.
Nxd6+ cxd6 12. Bf4 Bxf3 13. Qxf3 Qxf3 14. gxf3 Ke7 15.
a4 Nd5 16. Bd2 a5 17. Rfe1 Rac8 18. f4 Kf6 19. c4 Nb4 20. Bxb4 axb4 21. a5 bxa5 22.
Rxa5 Ra8 23. Rea1 Rxa5 24. Rxa5 Rb8 25. Ra7 Nb6 26. Kg2 b3 27. Ra3 Nd7 28. Kf3 Rb4 29.
Ke3 Nb6 30. Kd2 Nxc4+ 31. Kc3 Nxa3 32. Kxb4 Nc2+ 33. Kc3 Ne1 34. Be4 d5 35. Bb1 Ng2 36. f5 exf5 37. Kxb3 Nh4 38. Kb4 Nf3 39. Kc5 Nxh2 40. b4 Ng4 41. b5 Kg5 42. b6 Nf6 43. Kc6 h5 44. b7 h4 45. b8=Q Ng4 46. Qd8+ f6 47. Qxd5 g6 48. Qg2 Kf4 49. d5 g5 50.
d6 Ne5+ 51. Kc7 g4 52. d7 h3 53. Qg3+ Kg5 54. d8=Q 1-0

[Event "Early-Titled-Tuesday-Blitz-February-06-2024"]
[Site "Chess.com"]
[Date "2024.02.06"]
[Round "1"]
[White "Felix-Rose"]
[Black "mac0504"]
[Result "0-1"]
[WhiteElo "2412"]
[BlackElo "2739"]
[TimeControl "180+1"]
[EndTime "8:07:49 PST"]
[Termination "mac0504 won by resignation"]

1. e4 Nc6 2. Nf3 d6 3. d4 Nf6 4. Nc3 g6 5. h3 Bg7 6. Be3 O-O 7. Be2 e5 8. dxe5 dxe5 9. Bc4 h6 10. O-O Nd7 11.
Nd5 Nb6 12. Bb3 Na5 13. Bc5 Re8 14. Bxb6 axb6 15. Qe2 c6 16. Ne3 Nxb3 17. axb3 Be6 18. Nc4 Qc7 19. Qe3 b5 20. Ncd2 Red8 21. Rfd1 Bf8 22. Nf1 Rxd1 23. Rxa8 Rd8 24. Rxd8 Qxd8 25.
Ng3 Qd1+ 26. Kh2 Qxc2 27. Nxe5 Qxb3 28. Ng4 Qxe3 29. Nxe3 Bd6 30. Kg1 Be5 31. Nd1 Bb3 32.
Nc3 b4 33. Nce2 Bxb2 34. f4 Bc4 35. Kf2 b3 36. Ke3 Bc1+ 37. Kd4 Bxe2 38. Nxe2 b2 39. Nc3 Bxf4 40. Kd3 Be5 41. Nb1 b5 42. Kc2 Kf8 43.
Kb3 Ke7 44. Nd2 Kd6 45. Nf3 b1=Q+ 0-1

[Event "Early-Titled-Tuesday-Blitz-February-06-2024"]
[Site "Chess.com"]
[Date "2024.02.06"]
[Round "1"]
[White "Nasrin_Babayeva"]
[Black "JuniorJumper"]
[Result "0-1"]
[WhiteElo "1911"]
[BlackElo "2534"]
[TimeControl "180+1"]
[EndTime "8:07:49 PST"]
[Termination "JuniorJumper won by resignation"]

1. c4 e5 2. g3 Nf6 3. Bg2 d5 4. cxd5 Nxd5 5. Nf3 Nc6 6. O-O Be7 7. d3 O-O 8. Nc3 Nb6 9. Be3 Be6 10. a3 a5 11. Na4 Nd5 12. Bc5 f6 13. Rc1 Bf7 14. Bxe7 Qxe7 15. Nc5 b6 16. Ne4 Nd4 17. Nc3 Nxc3 18. Rxc3 Rad8 19. e3 Nb5 20. Rc1 e4 21. Nd2 Rxd3 22. Bxe4 Rxd2 23. Bxh7+ Kxh7 24. Qxd2 Rd8 25. Qc2+ Bg6 26. Qc6 Be8 27. Qf3 c5 28. Rfd1 Nd6 29.
Qg2 Bg6 30. Qh3+ Kg8 31. Qg2 Be4 32. f3 Bc6 33. e4 Nb5 34. Rxd8+ Qxd8 35. Qf2 Nd4 36. Rd1 Ba4 37. Rd2 Nxf3+ 38. Qxf3 Qxd2 39. Qc3 Qxc3 40. bxc3 Kf7 41. Kf2 Ke6 42. Ke3 Ke5 43. h4 Bd7 44. Kf3 Bc6 45. Ke3 Bxe4 46. g4 Bh7 0-1

[Event "Early-Titled-Tuesday-Blitz-February-06-2024"]
[Site "Chess.com"]
[Date "2024.02.06"]
[Round "1"]
[White "nikitadovbnya2008"]
[Black "Natalya_Buksa"]
[Result "1-0"]
[WhiteElo "2219"]
[BlackElo "2557"]
[TimeControl "180+1"]
[EndTime "8:07:50 PST"]
[Termination "nikitadovbnya2008 won by checkmate"]

1. e4 c5 2. Nc3 Nc6 3. Nge2 e5 4.
g3 g6 5. Bg2 Bg7 6. O-O Nge7 7.
d3 O-O 8. f4 d6 9. h3 Rb8 10.
g4 f5 11. gxf5 gxf5 12. fxe5 Bxe5 13. Bf4 Bg7 14. Qe1 Ng6 15. Bh2 Nd4 16. Nxd4 Bxd4+ 17.
Kh1 f4 18. Rb1 Be5 19. Nd5 Nh4 20. Bxf4 Bxf4 21. Rxf4 Nxg2 22. Qg3+ Kh8 23. Rxf8+ Qxf8 24. Qxg2 Qh6 25. Kh2 Be6 26. Rf1 Rg8 27. Qf3 Bxd5 28. exd5 Qg7 29. Qf6 b5 30. Qxg7+ Kxg7 31. Rg1+ Kf7 32.
Rxg8 Kxg8 33. Kg3 Kg7 34. c4 Kf6 35. Kf4 bxc4 36. dxc4 a5 37. h4 h5 38. b3 Kg6 39.
a3 Kf6 40. Ke4 Kg6 41. Kd3 Kf5 42. Kc3 Kg4 43. b4 cxb4+ 44. axb4 axb4+ 45. Kxb4 Kxh4 46. c5 dxc5+ 47. Kxc5 Kg3 48. d6 h4 49. d7 h3 50.
d8=Q Kg2 51. Qd2+ Kg1 52. Qe1+ Kg2 53. Qe2+ Kg1 54. Qg4+ Kh2 55. Kd4 Kh1 56. Qf3+ Kh2 57. Ke3 Kg1 58. Qg3+ Kh1 59. Qxh3+ Kg1 60. Qg3+ Kh1 61.
Qg6 Kh2 62. Kf3 Kh1 63. Qg2# 1-0

[Event "Early-Titled-Tuesday-Blitz-February-06-2024"]
[Site "Chess.com"]
[Date "2024.02.06"]
[Round "1"]
[White "Capablanca_Oujda_2021"]
[Black "Eagle_2019"]
[Result "0-1"]
[WhiteElo "2462"]
[BlackElo "2850"]
[TimeControl "180+1"]
[EndTime "8:07:51 PST"]
[Termination "Eagle_2019 won on time"]

1. e4 c5 2. Nf3 Nc6 3. d4 cxd4 4. Nxd4 Nf6 5. Nc3 e6 6. Nb3 Bb4 7. Bd3 d5 8. exd5 Nxd5 9. O-O Nxc3 10. bxc3 Bxc3 11.
Ba3 Bxa1 12. Qxa1 f6 13. Rd1 Qc7 14. Nd4 Nxd4 15. Qxd4 Bd7 16. Bd6 Qa5 17. Bb4 Qd5 18.
Qh4 O-O-O 19. Qg3 Bc6 20. Re1 Rd7 21. a4 g5 22. a5 h5 23. Bf1 h4 24. Qc3 h3 25.
Qxf6 Rh4 26. Bc3 hxg2 27. Bd3 Rf4 28. Qh8+ Rd8 29. Qg7 Qf3 30. Re2 Rxd3 31. cxd3 Qxe2 32. Qg8+ Kd7 33. Qg7+ Kd8 34. Bf6+ Rxf6 35. Qxf6+ Kd7 36. Qg7+ Kd6 37. Qd4+ Bd5 38. Qb4+ Ke5 39. Qc3+ Kf5 40. Qc1 Qxd3 41. h3 b5 42. axb6 axb6 43. Kh2 Qe4 0-1

[Event "Early-Titled-Tuesday-Blitz-February-06-2024"]
[Site "Chess.com"]
[Date "2024.02.06"]
[Round "1"]
[White "bilosuvenosu06"]
[Black "cristiano78"]
[Result "1-0"]
[WhiteElo "2609"]
[BlackElo "2272"]
[TimeControl "180+1"]
[EndTime "8:07:51 PST"]
[Termination "bilosuvenosu06 won by resignation"]

1. d4 Nf6 2. c4 g6 3. Nc3 Bg7 4. e4 d6 5. Nf3 O-O 6. Be2 e5 7. O-O Nc6 8. Be3 Ng4 9. Bg5 f6 10. Bh4 g5 11. Bg3 Nh6 12. h3 Nf7 13.
dxe5 Nfxe5 14. Nxe5 fxe5 15. Bg4 Nd4 16. Bxc8 Qxc8 17. Nd5 Qd7 18. Ne3 c6 19. Rc1 Qe6 20. b3 Qg6 21. f3 h5 22. Nc2 Rad8 23. Bf2 c5 24. Ne3 Bh6 25. Nd5 Kh7 26. Be3 Rd7 27.
b4 b6 28. bxc5 dxc5 29. Rb1 Rdf7 30. Bxd4 cxd4 31. Qd3 g4 32. fxg4 hxg4 33. Rxf7+ Rxf7 34. Rf1 gxh3 35. Qxh3 Kg7 36. Rxf7+ Qxf7 37. Qg4+ Kh7 38. Qf3 Qg6 39. Kf2 Bg5 40. Ke2 Bh4 41. g4 Bg5 42. Qf5 Kg7 43. Qxe5+ Kh6 44. Qh8+ Qh7 45.
Qxh7+ Kxh7 46. Kd3 Kg6 47. Kxd4 Bd8 48. e5 Kg5 49. e6 Kxg4 50. e7 Bxe7 51. Nxe7 Kg5 52. Nc6 1-0

[Event "Early-Titled-Tuesday-Blitz-February-06-2024"]
[Site "Chess.com"]
[Date "2024.02.06"]
[Round "1"]
[White "Hovik_Hayrapetyan"]
[Black "jlandaw"]
[Result "1-0"]
[WhiteElo "2891"]
[BlackElo "2481"]
[TimeControl "180+1"]
[EndTime "8:07:52 PST"]
[Termination "Hovik_Hayrapetyan won by resignation"]

1. d4 d5 2. c4 c6 3. Nf3 e6 4. Nc3 dxc4 5. a4 Bb4 6. e3 b5 7. Bd2 Qb6 8. Ne4 Be7 9. a5 Qd8 10. b3 cxb3 11. Qxb3 Nf6 12. Nxf6+ gxf6 13. Rc1 Qd5 14.
Qxd5 exd5 15. Bxb5 O-O 16. Ba4 Ba6 17. Nh4 Rc8 18.
Nf5 Ba3 19. Rc3 Bf8 20. f3 Bc4 21. e4 Na6 22. Ne3 Bb4 23. Rc1 Bd3 24. Rxc6 dxe4 25. Nd5 Rxc6 26. Bxc6 Rc8 27. Bxb4 Kg7 28. Ne7 Rb8 29. Kd2 Nxb4 30. Bxe4 Bxe4 31. fxe4 Rb5 32. Rb1 a6 33. Rb3 Kf8 34. Nd5 Rxd5 35. exd5 Nxd5 36.
Rb8+ Ke7 37. Ra8 Nc7 38. Rh8 Nb5 39. Kd3 Na7 40. Rxh7 Nc6 41. Rh5 Ke6 42. Rc5 Kd6 43.
Rxc6+ Kxc6 44. Kc4 Kd6 45. h4 f5 46. h5 Ke6 47. h6 Kf6 48. d5 Kg6 49. d6 f4 50.
d7 f3 51. gxf3 1-0

[Event "Early-Titled-Tuesday-Blitz-February-06-2024"]
[Site "Chess.com"]
[Date "2024.02.06"]
[Round "1"]
[White "wyharga"]
[Black "kpio91"]
[Result "0-1"]
[WhiteElo "2439"]
[BlackElo "2821"]
[TimeControl "180+1"]
[EndTime "8:07:52 PST"]
[Termination "kpio91 won by resignation"]

1. e4 e6 2. d4 d5 3. Nd2 h6 4. Ngf3 Nf6 5. e5 Nfd7 6. Bd3 c5 7. c3 Nc6 8. O-O g5 9. dxc5 Ndxe5 10. Nxe5 Nxe5 11.
Nb3 Qc7 12. f4 Bxc5+ 13. Kh1 Nxd3 14. Qxd3 Bd6 15. Nd4 Bd7 16. Nb5 Bxb5 17. Qxb5+ Qc6 18. Qe2 O-O-O 19. Be3 gxf4 20. Bxf4 Bxf4 21. Rxf4 f5 22. Re1 Rde8 23. Qe5 Qc7 24. Qe3 a6 25. b3 Kb8 26. c4 dxc4 27. Rxc4 Qd6 28. Rd4 Qb6 29. Qf4+ Qc7 30. Qf2 Rhg8 31. Rc4 Qd6 32. Rd4 Qc6 33. a4 Ka8 34. Rc4 Qd5 35. h3 Rc8 36. Rec1 Rxc4 37. bxc4 Qc6 38. a5 f4 39. Rc2 e5 40. Re2 Re8 41. c5 Qa4 42. c6 Qxc6 43. Rc2 Qd5 44.
Qb6 e4 45. Rc5 Qd1+ 46. Kh2 e3 47. Rc7 Qd5 48. Rc5 Qxc5 49. Qxc5 e2 50. Qf5 e1=Q 51.
Qxf4 Qe5 0-1

[Event "Early-Titled-Tuesday-Blitz-February-06-2024"]
[Site "Chess.com"]
[Date "2024.02.06"]
[Round "1"]
[White "CarlosjPineror"]
[Black "topce"]
[Result "1-0"]
[WhiteElo "2726"]
[BlackElo "2402"]
[TimeControl "180+1"]
[EndTime "8:07:52 PST"]
[Termination "CarlosjPineror won by checkmate"]

1. e4 e6 2. d3 d5 3. Nd2 Ne7 4.
Ngf3 c5 5. c3 Nbc6 6. g3 g6 7.
Bg2 Bg7 8. O-O O-O 9. Re1 Qc7 10. Qe2 dxe4 11. dxe4 b6 12. Nc4 Ba6 13. a4 Na5 14.
Nfd2 Rad8 15. b3 Rxd2 16. Bxd2 Nxb3 17. Bf4 e5 18. Bg5 Nxa1 19. Bxe7 Qxe7 20. Rxa1 Qe6 21. Bf1 Rd8 22. Qa2 h5 23. Ne3 Qxa2 24. Rxa2 Bb7 25. f3 Bh6 26. Kf2 Bc6 27. Bc4 Kg7 28. Nd5 Bxd5 29.
Bxd5 Rd6 30. c4 f5 31. Ke2 fxe4 32. fxe4 Rf6 33. a5 Bc1 34. axb6 axb6 35. Ra7+ Kh6 36. h4 g5 37. Re7 Bb2 38. Be6 gxh4 39. gxh4 Kg6 40.
Bf5+ Rxf5 41. exf5+ Kxf5 42. Rg7 e4 43. Rg5+ Kf4 44. Rxh5 Bd4 45. Rh6 Kg4 46. Rh7 Kf4 47. Re7 Kg4 48. Rxe4+ Kh5 49. Kf3 Bf6 50. Kg3 Bc3 51. Kh3 Bd4 52. Rf4 Kg6 53. Kg4 Be3 54.
h5+ Kg7 55. Re4 Bd4 56. Re6 Kf7 57. Rxb6 Kg7 58. Kf5 Kh7 59. Ke4 Bg1 60. Kd5 Kg7 61. Rc6 Kh7 62. Rxc5 Kh6 63. Kc6 Bxc5 64. Kxc5 Kxh5 65.
Kb6 Kg6 66. c5 Kf7 67. Kb7 Ke8 68. c6 Kd8 69. c7+ Kd7 70. c8=Q+ Kd6 71. Qc6+ Ke5 72. Kc7 Kd4 73. Qb5 Ke4 74. Qc5 Kd3 75. Qb4 Ke3 76. Qc4 Kd2 77. Qb3 Ke2 78. Qc3 Kf2 79.
Qd3 Kg2 80. Qe3 Kh2 81. Qg5 Kh1 82. Kd6 Kh2 83. Ke5 Kh1 84. Ke4 Kh2 85. Kf3 Kh1 86. Qg2# 1-0

[Event "Early-Titled-Tuesday-Blitz-February-06-2024"]
[Site "Chess.com"]
[Date "2024.02.06"]
[Round "1"]
[White "ansko1999"]
[Black "konradrutkowski"]
[Result "1-0"]
[WhiteElo "2682"]
[BlackElo "2356"]
[TimeControl "180+1"]
[EndTime "8:07:52 PST"]
[Termination "ansko1999 won on time"]

1. Nf3 Nf6 2. b3 g6 3. Bb2 Bg7 4. g3 O-O 5. Bg2 d6 6. d4 c5 7.
O-O Nc6 8. d5 Nb4 9. c4 Bf5 10.
Nbd2 b5 11. a3 Nc2 12. Rc1 bxc4 13. Nxc4 Rb8 14. Rxc2 Bxc2 15. Qxc2 Nxd5 16. Bxg7 Kxg7 17. Rd1 Nb6 18. Ne3 Qc7 19. h4 h5 20. Ng5 Rbe8 21. Be4 e6 22. Qc3+ Kg8 23. Qf6 Nd7 24. Qf4 f5 25. Qxd6 Qxd6 26. Rxd6 fxe4 27. Rxd7 Rb8 28. Nxe6 Rf7 29. Rxf7 Kxf7 30. Nxc5 a5 31. Nd5 Rb5 32. b4 axb4 33. axb4 Rb8 34. Nxe4 Ke6 35.
Nec3 Ke5 36. Kg2 Kd4 37. e3+ Kc4 38. b5 Kc5 39. b6 Kc6 40. e4 Ra8 41. Ne2 Ra4 42.
Kf3 Ra3+ 43. Kf4 Ra2 44. Ke3 Rb2 45. Nd4+ Kb7 46. Ne6 Rb3+ 47. Kf4 Rb2 48. f3 Rg2 49. Nc5+ Kb8 50. Ne7 1-0

[Event "Early-Titled-Tuesday-Blitz-February-06-2024"]
[Site "Chess.com"]
[Date "2024.02.06"]
[Round "1"]
[White "ilya2700"]
[Black "Baby_Legs"]
[Result "0-1"]
[WhiteElo "2311"]
[BlackElo "2636"]
[TimeControl "180+1"]
[EndTime "8:07:53 PST"]
[Termination "Baby_Legs won on time"]

1. d4 Nf6 2. c4 e6 3. Nf3 d5 4. Nc3 a6 5. cxd5 exd5 6. Bf4 Bd6 7. Be5 c6 8. e3 Bg4 9. Be2 O-O 10.
O-O Bxf3 11. Bxf3 Re8 12. Bxd6 Qxd6 13. Rb1 Nbd7 14. b4 b5 15. Qc2 a5 16. bxa5 Rxa5 17.
e4 dxe4 18. Nxe4 Qxd4 19. Nxf6+ Nxf6 20. Qxc6 Rxa2 21. Qxb5 g6 22. Rbd1 Qf4 23. Qb3 Ra7 24. h3 Kg7 25. Rb1 Rae7 26. Qc3 Re6 27. Rb7 h5 28.
Qc7 Qxc7 29. Rxc7 g5 30. g3 Kg6 31. Rb1 R8e7 32. Rc5 Nd7 33. Ra5 Ne5 34. Be4+ f5 35. Bg2 Rd6 36. Rbb5 Nc4 37. Ra1 h4 38. gxh4 gxh4 39.
Rb8 Kg5 40. Rg8+ Kf4 41. Rh8 Kg5 42. Rg8+ Rg6 43. Raa8 Ne5 44. Rxg6+ Nxg6 45. Ra1 Re5 46.
Rf1 Nf4 47. Ra1 Rc5 48. Kf1 Rb5 49. Rd1 Rb2 50. Rd8 Rb1+ 0-1

[Event "Early-Titled-Tuesday-Blitz-February-06-2024"]
[Site "Chess.com"]
[Date "2024.02.06"]
[Round "1"]
[White "DDTerziev04"]
[Black "vladgoncharov"]
[Result "0-1"]
[WhiteElo "2305"]
[BlackElo "2630"]
[TimeControl "180+1"]
[EndTime "8:07:53 PST"]
[Termination "vladgoncharov won by resignation"]

1. e4 e6 2. d4 d5 3. Nc3 Nf6 4.
e5 Nfd7 5. f4 c5 6. Nf3 Nc6 7. Be3 a6 8. Bd3 b5 9. a3 b4 10. axb4 Nxb4 11. O-O Nxd3 12. Qxd3 g6 13. Na4 cxd4 14. Nxd4 Qc7 15. Rae1 Be7 16. g4 Bb7 17. Re2 Rc8 18. b3 O-O 19. Bf2 Nc5 20. Nxc5 Bxc5 21. f5 Rfe8 22. fxe6 fxe6 23. Bh4 Qd7 24. Ref2 Rf8 25. Bf6 a5 26. Qd2 a4 27. bxa4 Ba6 28.
Re1 Qxa4 29. c3 Qd7 30. Qe3 Ba7 31. h4 Rc4 32. h5 Rfc8 33. hxg6 Rxc3 34. Qh6 Rg3+ 35.
Kh2 Rxg4 36. gxh7+ Qxh7 37. Qxh7+ Kxh7 38. Rd2 Bxd4 39. Ra1 Bc4 40. Ra5 Rcg8 41. Kh3 Rg1 42. Kh2 R1g4 43. Rxd4 Rxd4 44. Ra7+ Kg6 45. Kg3 Kf5+ 46.
Kf2 Rd3 47. Ke2 Rg2+ 48. Ke1 Rh3 0-1

[Event "Early-Titled-Tuesday-Blitz-February-06-2024"]
[Site "Chess.com"]
[Date "2024.02.06"]
[Round "1"]
[White "tetrix83"]
[Black "abelmat"]
[Result "1-0"]
[WhiteElo "2558"]
[BlackElo "2081"]
[TimeControl "180+1"]
[EndTime "8:07:53 PST"]
[Termination "tetrix83 won by resignation"]

1. e4 e6 2. d4 d5 3. Nc3 dxe4 4.
Nxe4 Nd7 5. Nf3 Ngf6 6. Bd3 Be7 7. Qe2 O-O 8. Nxf6+ Nxf6 9. Bg5 Nd5 10. h4 h6 11. Bd2 b6 12. O-O-O Bb7 13. g4 Nb4 14.
Bxb4 Bxb4 15. c3 Qd5 16. Rh3 Qxa2 17. cxb4 Bd5 18. Bb1 Qa4 19. Qc2 Qxc2+ 20. Bxc2 Rac8 21. g5 c5 22. bxc5 bxc5 23. gxh6 cxd4 24. hxg7 Kxg7 25.
Rg3+ Kf6 26. Rxd4 Bb3 27. Ne1 Bd5 28. Kb1 Ke7 29. h5 Rh8 30. Rh3 Rh6 31. Nd3 Rb8 32. Nf4 Bc6 33. Rc4 Rb6 34. Rhc3 e5 35. Ng6+ fxg6 36.
Rxc6 Rxh5 37. Rxb6 axb6 38. Bxg6 Rh2 39. f3 Kd6 40.
Be4 b5 41. Rc6+ Ke7 42. Rc5 Rh1+ 43. Ka2 b4 44. Rxe5+ Kd6 45. Rd5+ Kc7 46. Rb5 Rc1 47. Rxb4 Re1 48. Kb3 Kd6 49. Kc4 Ke5 50. Rb5+ Kf4 51.
Rf5+ Ke3 52. b4 Rc1+ 53. Kb5 Kd4 54. Rd5+ Ke3 55. Kb6 Kf4 56. b5 Rc8 57. Kb7 Rf8 58. b6 Rf7+ 59. Ka6 Rf8 60. b7 Rh8 61. Rc5 Ke3 62.
Rc8 Rh6+ 63. Ka7 Rh7 64. Bxh7 Kd4 65. b8=Q 1-0

[Event "Early-Titled-Tuesday-Blitz-February-06-2024"]
[Site "Chess.com"]
[Date "2024.02.06"]
[Round "1"]
[White "CFN_Good_Evening"]
[Black "losersgame"]
[Result "1-0"]
[WhiteElo "1988"]
[BlackElo "2528"]
[TimeControl "180+1"]
[EndTime "8:07:55 PST"]
[Termination "CFN_Good_Evening won on time"]

1. e4 e5 2. Nf3 Nc6 3. Bb5 a6 4. Ba4 d6 5. O-O Bd7 6. c3 Nge7 7. d4 Ng6 8. Re1 Be7 9. Nbd2 O-O 10. Bc2 exd4 11.
Nxd4 Bg5 12. N2f3 Bxc1 13. Rxc1 Nf4 14. Qd2 Qf6 15. Nf5 Ng6 16. N3d4 Rfe8 17. h3 h6 18. g3 Nxd4 19. Qxd4 Ne5 20. Kg2 Bc6 21. g4 Re6 22. f4 Ng6 23. Kg3 Rae8 24. Qxf6 Rxf6 25. Re2 Rfe6 26. Rce1 Nf8 27. Nd4 R6e7 28. Nxc6 bxc6 29. Bd3 a5 30. h4 Nd7 31. g5 hxg5 32. hxg5 g6 33. Rh1 Kg7 34. Reh2 Nf8 35. Kg4 Rb8 36. f5 gxf5+ 37. exf5 f6 38. gxf6+ Kxf6 39. Rh6+ Kf7 40. R1h2 Rbe8 41. Kg5 Re1 42. Rf6+ Ke7 43. Rfh6 Kd8 44. Rh8 1-0

[Event "Early-Titled-Tuesday-Blitz-February-06-2024"]
[Site "Chess.com"]
[Date "2024.02.06"]
[Round "1"]
[White "FMCarmona"]
[Black "Pelopidass"]
[Result "0-1"]
[WhiteElo "2156"]
[BlackElo "2566"]
[TimeControl "180+1"]
[EndTime "8:07:56 PST"]
[Termination "Pelopidass won on time"]

1. e4 e6 2. d4 d5 3. Nd2 Nf6 4. e5 Nfd7 5. Bd3 c5 6. c3 Nc6 7.
Ngf3 Qb6 8. O-O cxd4 9. cxd4 Nxd4 10. Nxd4 Qxd4 11. Nf3 Qb6 12. Qa4 Qb4 13. Qc2 Nc5 14. Bd2 Qb6 15. Bxh7 Bd7 16. Bd3 Nxd3 17. Qxd3 Bb5 18. Qb3 Bxf1 19. Qxb6 axb6 20. Kxf1 Be7 21.
h3 Kd7 22. Ke2 Ra4 23. b3 Ra3 24. Bc1 Ra6 25. Nd4 Rc8 26. a4 Bc5 27. Nb5 Rc6 28.
Bd2 Ra8 29. f4 Be7 30. Kd3 g6 31. Be3 Bc5 32. Bd2 Rcc8 33. Rf1 Rh8 34. Rf3 Rac8 35. Be1 Rh5 36. Bd2 Be7 37. Be3 Bc5 38.
Bd4 Ke7 39. Bc3 g5 40. f5 exf5 41. Rxf5 Rg8 42. Bd2 Rg6 43. Nc3 Ke6 44. Rf3 g4 45. hxg4 Rxg4 46. Rf6+ Kxe5 47. Rxf7 Rxg2 48. Kc2 Rhh2 49.
Nb1 Bb4 0-1

[Event "Early-Titled-Tuesday-Blitz-February-06-2024"]
[Site "Chess.com"]
[Date "2024.02.06"]
[Round "1"]
[White "NikitaShnadrygin"]
[Black "jcreyes69"]
[Result "0-1"]
[WhiteElo "2696"]
[BlackElo "2418"]
[TimeControl "180+1"]
[EndTime "8:07:57 PST"]
[Termination "jcreyes69 won by resignation"]

1. e4 c5 2. Nf3 e6 3. d4 cxd4 4. Nxd4 Nc6 5. Nc3 Qc7 6. Be3 a6 7. Be2 Nf6 8. O-O b5 9. a3 Bb7 10. f4 Bc5 11. e5 Qb6 12. exf6 Bxd4 13. Bxd4 Nxd4 14. Rf2 gxf6 15. Bd3 f5 16. Qh5 Rg8 17. Qxh7 O-O-O 18. Kh1 Nf3 19. Raf1 Rh8 20. Qxh8 Rxh8 21. gxf3 Qe3 22. Ne2 Rh3 23. Ng1 Rh4 24. Ne2 Kd8 25. Rg2 Bxf3 26. Rxf3 Qxf3 27. Kg1 Rg4 28. Rg3 Rxg3+ 29.
hxg3 Qe3+ 30. Kf1 Qd2 31. Kf2 Ke7 32. b3 Qa5 33. Nd4 Qxa3 34. Ke3 Qc5 35. c4 b4 36. Bc2 a5 37. Kd3 Qd6 38. Ke3 Qc5 39. Kd3 Qc7 40. Nf3 Qb7 41. Ke2 a4 42. Ke3 axb3 43. Bxb3 Qe4+ 44.
Kf2 Qb1 45. Nd2 Qb2 46. Ke2 Qc3 47. Kd1 Qxg3 48. Kc2 Qxf4 49. c5 Qe3 0-1

[Event "Early-Titled-Tuesday-Blitz-February-06-2024"]
[Site "Chess.com"]
[Date "2024.02.06"]
[Round "1"]
[White "KhungThep"]
[Black "Chemim21"]
[Result "1-0"]
[WhiteElo "2588"]
[BlackElo "2217"]
[TimeControl "180+1"]
[EndTime "8:07:58 PST"]
[Termination "KhungThep won by resignation"]

1. d4 d5 2. c4 c6 3. Nc3 e6 4.
cxd5 exd5 5. Qc2 Bd6 6. Nf3 Nf6 7. Bg5 Be6 8. e3 Nbd7 9. Bd3 Qa5 10. O-O h6 11.
Bh4 O-O 12. a3 Qc7 13. Rfc1 a6 14. Bg3 Bxg3 15. hxg3 Qd6 16. Na4 Rfc8 17. Rab1 b5 18. Nc5 Nb6 19. b3 a5 20. a4 b4 21. Ne5 Rc7 22. Na6 Rca7 23. Qxc6 Qxc6 24. Rxc6 Rxa6 25. Bxa6 Rxa6 26. Rbc1 Bd7 27. Nxd7 Nfxd7 28. Kf1 Ra8 29. Ke2 Rb8 30. Rc7 Nf6 31. f3 Kf8 32. Ra7 Nfd7 33. Rxa5 Ke7 34. Rb5 Kd6 35. a5 Na8 36. Rxb8 Nxb8 37. Rc8 Nc7 38. Rxb8 Na6 39. Rb6+ Kc7 40. Rxa6 Kb7 41. Rb6+ Ka7 42. Kd3 1-0

[Event "Early-Titled-Tuesday-Blitz-February-06-2024"]
[Site "Chess.com"]
[Date "2024.02.06"]
[Round "1"]
[White "Zainullina_Nataliya"]
[Black "Kazan28"]
[Result "0-1"]
[WhiteElo "2194"]
[BlackElo "2583"]
[TimeControl "180+1"]
[EndTime "8:07:58 PST"]
[Termination "Kazan28 won on time"]

1. e4 d6 2. d4 Nf6 3. Nc3 e5 4.
Bc4 Be7 5. dxe5 dxe5 6. Qxd8+ Bxd8 7. Nf3 Nbd7 8. O-O c6 9. a4 Ba5 10. Bd2 O-O 11. Rfe1 h6 12. Rad1 Re8 13. Nb1 Bc7 14.
h3 Nc5 15. Nc3 Ba5 16. b3 Bb4 17. Na2 Bxd2 18. Nxd2 Be6 19. Bxe6 Nxe6 20. f3 Nd4 21. c3 Ne6 22. Kf2 Nf4 23. Nc4 Rad8 24. Nc1 Ng6 25. Nd6 Re7 26. Rd2 Red7 27. Red1 Ne8 28. Nc4 Rxd2+ 29.
Rxd2 Rxd2+ 30. Nxd2 Nd6 31. g3 h5 32. Ke3 h4 33.
gxh4 Nxh4 34. Nd3 f6 35. Nc5 g5 36. b4 Ng2+ 37. Kf2 Nf4 38. Kg3 Ne2+ 39. Kg4 Nxc3 40. h4 gxh4 41. Kxh4 b6 42. Nd7 Kf7 43. a5 bxa5 44. bxa5 Ne2 45. Nc5 Nd4 46. Kg3 Ke7 47.
f4 Ne2+ 48. Kg4 Nxf4 49. Ndb3 Ne6 50. Nd3 Nxe4 51. Kf5 Nd6+ 52. Kg4 Nb5 53. Nd2 Nbd4 54. Nc4 e4 55. Nb4 f5+ 56. Kg3 f4+ 57. Kf2 e3+ 0-1